Map: Abyssal Reef LE

Players

AlexUA - Winner!

  • Race: Terran Terran
  • League: Grandmaster
  • Spawn Location: 11:00

MonkeyDragon

  • Race: Terran Terran
  • League: Diamond
  • Spawn Location: 5:00

VOD

Have the link to the VOD?

Description

Time

  • Played on: Aug. 9, 2017, 9:29 a.m.
  • Length: 9:15
Show
View Real Time Build Order
Export as new Build Order

AlexUA Terran - Winner!

Build Orders: 1/1/1, Liberator Opening, Bio Tank 

Get SALT Encoding   

  12  0:01  SCV  
  13  0:13  SCV  
  14  0:17  Supply Depot  
  14  0:25  SCV  
  15  0:29  Refinery  
  15  0:39  SCV  
  16  0:45  Barracks  
  16  0:51  SCV  
  17  1:00  Refinery  
  17  1:03  SCV  
  18  1:15  SCV  
  19  1:31  Orbital Command, Marine  
  20  1:35  Factory  
  20  1:45  Supply Depot  
  20  1:49  Marine  
  21  1:58  SCV  
  23  2:10  SCV  
  23  2:14  Barracks Reactor  
  23  2:19  Widow Mine  
  23  2:22  Starport, SCV  
  26  2:28  Supply Depot  
  26  2:34  SCV  
  27  2:46  SCV  
  28  2:54  Factory Tech Lab, Marine x2  
  30  3:00  Viking  
  32  3:07  SCV  
  33  3:13  Liberator  
  33  3:14  Siege Tank  
  33  3:15  Supply Depot  
  39  3:37  Command Center  
  39  3:46  Marine x2  
  41  3:49  SCV  
  42  4:03  Siege Tank  
  42  4:06  Engineering Bay  
  45  4:11  Marine x2  
  47  4:22  Supply Depot  
  47  4:41  Supply Depot  
  47  4:43  Marine x2  
  47  4:44  SCV  
  47  4:45  Siege Tank  
  53  4:56  SCV  
  54  5:01  Barracks, Marine  
  54  5:03  Barracks  
  55  5:08  SCV  
  55  5:11  Orbital Command  
  56  5:19  Marine x2  
  55  5:22  SCV  
  56  5:35  SCV  
  56  5:40  SCV  
  58  5:43  Viking  
  58  5:44  Marine x2, Siege Tank  
  58  5:48  SCV  
  66  5:50  Barracks Tech Lab x2  
  66  5:52  SCV  
  67  6:00  SCV  
  67  6:01  Supply Depot  
  67  6:02  Marine x2  
  70  6:04  SCV  
  70  6:10  Combat Shields  
  70  6:11  Stimpack, Marine  
  71  6:12  Marine  
  71  6:13  SCV  
  71  6:16  SCV  
  75  6:21  Marine x2  
  75  6:22  Starport Reactor  
  78  6:25  SCV  
  78  6:26  Siege Tank  
  78  6:29  Supply Depot  
  78  6:32  Supply Depot, SCV  
  82  6:34  Marine  
  82  6:35  Marine  
  82  6:39  Marine x2  
  86  6:42  Terran Infantry Weapons Level 1  
  86  6:49  Refinery  
  86  6:50  Refinery, SCV x2  
  86  6:52  Marine  
  86  6:53  Supply Depot  
  89  6:57  Supply Depot  
  89  6:58  Marine  
  89  7:00  Marine  
  91  7:02  SCV  
  90  7:13  Marine x2  
  90  7:15  Viking, Medivac  
  94  7:16  Siege Tank, Marine  
  94  7:19  SCV  
  94  7:20  SCV  
  94  7:22  Supply Depot  
  100  7:25  Marine  
  101  7:31  Marine  
  101  7:34  Marine  
  101  7:35  Barracks  
  104  7:44  Factory  
  103  7:48  Supply Depot, Siege Tank  
  103  7:50  Barracks Reactor, SCV x2  
  108  7:51  Marine  
  108  7:52  Marine  
  108  7:56  Barracks, Marine  
  108  7:57  Medivac  
  113  7:59  Medivac  
  115  8:08  SCV  
  115  8:09  Marine  
  115  8:11  Marine  
  118  8:14  Marine  
  119  8:20  Siege Tank  
  119  8:21  SCV  
  119  8:23  Barracks Reactor  
  119  8:24  Supply Depot  
  123  8:32  Marine  
  123  8:33  Marine x3  
  127  8:39  Marine  
  128  8:42  Command Center  
  128  8:49  Marine  
  128  8:51  Marine x2  
Show
View Real Time Build Order
Export as new Build Order

MonkeyDragon Terran 

Build Orders: Cyclone Opening, MMM Bio 

Get SALT Encoding   

  12  0:02  SCV  
  13  0:14  SCV  
  13  0:17  Supply Depot  
  14  0:26  SCV  
  15  0:39  SCV  
  15  0:41  Barracks  
  16  0:45  Refinery  
  16  0:51  SCV  
  17  0:57  Refinery  
  17  1:03  SCV  
  18  1:15  SCV  
  19  1:28  Reaper, Orbital Command  
  20  1:35  Supply Depot  
  20  1:47  Factory  
  20  1:56  SCV  
  20  2:00  Reaper  
  22  2:08  SCV  
  22  2:13  Supply Depot  
  23  2:23  SCV  
  24  2:32  Starport, Cyclone  
  27  2:40  Reaper  
  27  2:41  SCV  
  29  2:52  Supply Depot  
  29  2:53  SCV  
  30  3:05  Cyclone  
  33  3:12  SCV  
  33  3:15  Medivac  
  35  3:27  Barracks Reactor  
  35  3:33  Command Center  
  35  3:38  Factory Tech Lab  
  35  3:52  SCV  
  35  3:54  Viking  
  37  4:04  Marine x2  
  37  4:07  Siege Tank  
  42  4:11  SCV  
  42  4:16  Supply Depot  
  43  4:21  Marine  
  43  4:22  Marine  
  45  4:25  Viking  
  47  4:35  SCV  
  47  4:39  Marine x2  
  49  4:47  Orbital Command  
  49  4:52  SCV  
  50  4:55  Starport Reactor  
  50  4:57  Marine x2, Siege Tank  
  55  5:04  SCV  
  56  5:18  Marine x2  
  56  5:19  SCV  
  56  5:20  SCV  
  60  5:31  Barracks  
  60  5:32  SCV  
  61  5:37  SCV  
  61  5:39  Barracks  
  61  5:41  Medivac  
  61  5:42  Medivac  
  66  5:43  Marine  
  66  5:44  SCV  
  66  5:45  Marine  
  66  5:49  SCV  
  70  5:53  Supply Depot  
  70  5:54  Supply Depot  
  70  6:15  SCV x2, Marine x2  
  74  6:19  Refinery, Barracks Tech Lab, Engineering Bay  
  74  6:20  Refinery, Engineering Bay  
  74  6:26  Barracks Tech Lab  
  74  6:27  SCV x2  
  79  6:39  SCV  
  80  6:41  Stimpack, Supply Depot  
  80  6:42  Supply Depot, Marine x2  
  80  6:43  Combat Shields, Marine  
  80  6:49  SCV  
  80  6:51  SCV  
  80  6:52  Marine  
  80  6:53  Terran Infantry Weapons Level 1  
  83  7:09  Terran Infantry Armor Level 1, Marine x4  
  83  7:14  SCV x2  
  87  7:26  Marine x2, SCV, Command Center  
  87  7:27  Medivac  
  87  7:28  Medivac  
  94  7:33  Supply Depot  
  94  7:40  Missile Turret  
  94  7:43  Missile Turret  
  94  7:46  SCV x2  
  94  7:47  Missile Turret  
  94  7:48  Missile Turret  
  96  7:52  Marine x2  
  96  7:53  Missile Turret, Marine  
  96  7:56  Supply Depot  
  99  8:00  Supply Depot  
  99  8:03  Siege Tank  
  99  8:05  SCV x2  
  104  8:10  Supply Depot  
  104  8:17  SCV  
  105  8:21  Marine  
  105  8:22  Marine x2  
  108  8:30  Armory  
  108  8:31  Barracks  
  108  8:32  Barracks  
  108  8:36  Supply Depot  
  108  8:37  Marine  
  108  8:39  Marine  
  108  8:40  Orbital Command  
  110  8:48  Sensor Tower  
  110  8:49  Marine x2  
  110  8:55  Marine  
Tags
 
Add a new tag
Caveats
  • Supply blocks, unpowered buildings, or Contaminate may cause inaccurate times.
  • Supply counts are checked every 10 seconds.